 Dungeon Crawl Stone Soup version 0.27-a0-860-gaf99fae3ca (webtiles) character file.

Game seed: 12227225485524202241

27890 jasper the Black Sun (level 13, -9/101 HPs)
             Began as a Demonspawn Hedge Wizard on Apr 2, 2021.
             Was a High Priest of Kikubaaqudgha.
             Mangled by a red ugly thing (11 damage)
             ... on level 14 of the Dungeon.
             The game lasted 00:40:14 (19396 turns).

jasper the Black Sun (Demonspawn Hedge Wizard)     Turns: 19396, Time: 00:40:14

Health: -9/101     AC:  4    Str: 11    XL:     13   Next: 6%
Magic:  24/35      EV: 18    Int: 20    God:    Kikubaaqudgha [*****.]
Gold:   462        SH:  6    Dex: 19    Spells: 3/30 levels left

rFire    + . .     SeeInvis .   e - +1 dagger (drain)
rCold    + . .     Faith    .   G - +0 buckler {AC+3}
rNeg     . . .     Spirit   .   i - +2 robe {rC+ rF+}
rPois    .         Reflect  .   c - +0 hat
rElec    .         Harm     .   (no cloak)
rCorr    .         Rampage  .   v - +0 pair of gloves
Will     .....                  (no boots)
Stlth    ++++......             j - amulet of magic regeneration
HPRegen  0.26/turn              k - ring of magical power
MPRegen  0.49/turn              N - +6 ring of dexterity

@: corroded
A: antennae 1, repulsion field 2, powered by death 1, demonic magic 2
a: Renounce Religion, Receive Corpses, Torment


You were on level 14 of the Dungeon.
You worshipped Kikubaaqudgha.
Kikubaaqudgha was extremely pleased with you.
You visited 2 branches of the dungeon, and saw 15 of its levels.

You collected 858 gold pieces.
You spent 396 gold pieces at shops.

Inventory:

Hand Weapons
 a - a +0 dagger of freezing
 e - a +1 dagger of draining (weapon)
Missiles
 d - 35 boomerangs
 f - 170 bolts
 q - 6 atropa-tipped darts
 u - 4 throwing nets
 F - 6 curare-tipped darts
Armour
 b - a +0 robe
 c - a +0 hat (worn)
 i - a +2 robe of resistance (worn)
 v - a +0 pair of gloves (worn)
 A - +0 steam dragon scales
 G - a +0 buckler of protection (worn)
 H - the +1 robe of Rebyxec {*Corrode rPois Will+ Dex+3}
   (You bought it in a shop on level 4 of the Dungeon)

   It affects your dexterity (+3).
   It protects you from poison.
   It may corrode you when you take damage.
   It increases your willpower.
 Q - a +0 troll leather armour
 W - a +0 pair of boots
Magical Staves
 K - a staff of poison
 M - a staff of death
Jewellery
 j - an amulet of magic regeneration (around neck)
 k - a ring of magical power (left hand)
 o - an amulet of faith
 w - a ring of magical power
 C - a ring of ice
 E - an amulet of reflection
 N - a +6 ring of dexterity (right hand)
 T - a ring of wizardry
Wands
 m - a wand of polymorph (3)
 s - a wand of digging (7)
 y - a wand of acid (7)
 O - a wand of mindburst (21)
 U - a wand of iceblast (6)
Scrolls
 h - 4 scrolls of teleportation
 l - 3 scrolls of enchant weapon
 J - a scroll of fog
 L - a scroll of immolation
 S - 2 scrolls of blinking
Potions
 g - 3 potions of invisibility
 n - 4 potions of heal wounds
 p - 2 potions of flight
 r - 3 potions of magic
 t - a potion of lignification
 x - 4 potions of mutation
 z - a potion of brilliance
 B - 2 potions of curing
 D - 4 potions of attraction
 I - a potion of ambrosia
 P - a potion of cancellation
 R - a potion of resistance {unknown}
 V - a potion of degeneration {unknown}


   Skills:
 + Level 9.2 Fighting
 - Level 4.2 Short Blades
 + Level 5.6 Dodging
 - Level 7.0 Stealth
 - Level 4.1 Shields
 + Level 9.2 Spellcasting
 - Level 1.4 Conjurations
 - Level 5.3 Hexes
 - Level 1.0 Summonings
 * Level 13.3 Necromancy
 - Level 3.0 Translocations
 - Level 2.0 Earth Magic


You had 3 spell levels left.
You knew the following spells:

 Your Spells              Type           Power      Damage    Failure   Level
a - Blink                 Tloc           N/A        N/A       3%          2
b - Pain                  Necr           100%       1d9       1%          1
c - Animate Skeleton      Necr           100%       N/A       1%          1
d - Sublimation of Blood  Necr           29%        N/A       1%          2
e - Vampiric Draining     Necr           29%        2d10      1%          3
f - Slow                  Hex            30%        N/A       1%          2
g - Tukima's Dance        Hex            30%        N/A       2%          3
h - Dispel Undead         Necr           58%        3d21      1%          4
i - Animate Dead          Necr           29%        N/A       1%          4
j - Borgnjor's Vile Clut  Necr/Erth      19%        N/A       9%          5

Your spell library contained the following spells:

 Spells                   Type           Power      Damage    Failure   Level
 Corona                   Hex            33%        N/A       1%          1
 Apportation              Tloc           42%        N/A       2%          1
 Confusing Touch          Hex            30%        N/A       2%          3
 Ensorcelled Hibernation  Hex/Ice        38%        N/A       3%          2
 Magic Dart               Conj           56%        1d5       4%          1
 Summon Small Mammal      Summ           52%        N/A       4%          1
 Dazzling Flash           Conj/Hex       44%        N/A       5%          3
 Call Imp                 Summ           13%        N/A       8%          2
 Poisonous Vapours        Pois/Air       18%        N/A       12%         2
 Conjure Flame            Conj/Fire      12%        6-21      17%         3
 Mephitic Cloud           Conj/Pois/Air  11%        N/A       19%         3
 Agony                    Necr           58%        N/A       1%          5
 Excruciating Wounds      Necr           29%        N/A       1%          5
 Freezing Cloud           Conj/Ice/Air   5%         6-21      100%        6


Dungeon Overview and Level Annotations

Branches:
Dungeon (14/15)            Temple (1/1) D:4            Lair (0/6) D:9
    Orc (0/2) D:12         Vaults (0/5) D:13

Altars:
Ashenzari
Fedhas
Gozag
Kikubaaqudgha
Makhleb
Qazlal
Ru
Sif Muna
Trog
Uskayaw
Yredelemnul
Zin

Shops:
D:4 [   D:11 [

Annotations:
D:4 Sigmund


Innate Abilities, Weirdness & Mutations

You have a pair of small antennae on your head.
You are surrounded by a moderate repulsion field. (EV +3)
You regenerate a little health from kills.
Spells you cast may paralyse nearby enemies.


Message History

You feel much better.
The purple ugly thing is no longer paralysed.
The boulder beetle misses you. The red ugly thing pecks you!
You are engulfed in flames!
You resist.
The red ugly thing basks in the mutagenic energy from its kin and changes!
A vampire mosquito comes into view.
You regained 2 hp, and now have 55/101 hp.
Casting: Vampiric Draining (safe; 1% risk of failure)
Confirm with . or Enter, or press ? or * to list all spells.
Aiming: Vampiric Draining (safe; 1% risk of failure)
Press: ? - help, Shift-Dir - straight line, f/p - brown ugly thing
Aim: a brown ugly thing (moderately wounded)
You draw life force from the brown ugly thing!
You feel life coursing into your body! Malevolent energies surge around you.
The boulder beetle suddenly stops moving!
The purple ugly thing suddenly stops moving!
The vampire mosquito buzzes angrily.
The red ugly thing pecks you.
You are engulfed in flames!
You resist.
A vampire mosquito comes into view.
You take 3 damage, and have 52/101 hp.
You now have 23/35 mp.
The helpless boulder beetle fails to defend itself.
You perforate the boulder beetle like a sieve!!!
The boulder beetle is almost dead.
The red ugly thing pecks you.
You are engulfed in flames!
You resist.
You take 13 damage, and have 39/101 hp.
The helpless boulder beetle fails to defend itself.
You spit the boulder beetle like a pig!!!
You kill the boulder beetle!
Kikubaaqudgha accepts your kill.
The centaur warrior shoots an arrow.
The arrow hits you!
* * * LOW HITPOINT WARNING * * *
The brown ugly thing kicks you.
* * * LOW HITPOINT WARNING * * *
The acid corrodes you!
You are splashed with acid.
* * * LOW HITPOINT WARNING * * *
The red ugly thing pecks you!
* * * LOW HITPOINT WARNING * * *
You are engulfed in flames!
You resist.
You die...
Kikubaaqudgha rasps: "You have failed me!
Welcome... death!"

#.........
#..u...c# #..y.°..#
#....°..# #.c.....#
#cuu○...# #uc####.#
#u†# #u@# ......
#..# ...#..... #..#
...#..... #..#
#..##..#..... #..#
#..##..#.....
#..####..##..#.....
#........##..#.....
#........##..#.....
#..###...##..#.....


You could see 6 ugly things, a centaur warrior, a vampire mosquito (wandering)
and 2 centaurs.

Vanquished Creatures
  3 boulder beetles
  A catoblepas (D:13)
  2 dancing weapons (D:13)
  A centaur warrior (D:13)
  A death knight (D:11)
  2 tengu warriors
  6 two-headed ogres
  5 skeletal warriors
  Pikel (D:5)
  A deep elf pyromancer (D:10)
  4 cyclopes
  3 ugly things (D:14)
  3 manticores
  2 unseen horrors
  An efreet (D:14)
  A freezing wraith (D:11)
  2 tengu conjurers
  2 trolls
  Prince Ribbit (D:5)
  Grinder (D:6)
  3 slime creatures (D:14)
  A hornet (D:10)
  A wyvern (D:8)
  15 yaks
  A basilisk (D:13)
  2 wraiths (D:11)
  A steam dragon (D:7)
  Menkaure (D:6)
  2 acid dragons
  Edmund (D:6)
  2 water moccasins
  Duvessa (D:4)
  4 ice beasts
  8 orc warriors
  A necrophage (D:6)
  4 ogres
  3 centaurs (D:8)
  A kobold brigand (D:8)
  Blork the orc (D:3)
  7 bullfrogs
  6 scorpions
  A wyvern skeleton (D:7)
  2 jellies
  14 killer bees
  8 wights
  2 bullfrog zombies
  2 centaur zombies
  6 orc priests
  A bullfrog skeleton (D:5)
  5 hounds
  2 centaur skeletons (D:7)
  3 gnoll shamans
  An iguana (D:4)
  10 orc wizards
  Terence (D:3)
  3 hound skeletons
  A howler monkey zombie (D:5)
  13 gnolls
  6 adders
  2 white imps (D:7)
  6 dart slugs
  A worm (D:2)
  43 orcs
  11 ball pythons
  11 endoplasms
  3 giant cockroaches
  10 goblins
  8 hobgoblins
  8 jackals
  12 kobolds
  5 quokkas
  6 bats
  6 frilled lizards
  14 rats
336 creatures vanquished.

Vanquished Creatures (collateral kills)
  A shadow (D:9)
  Dowan (D:4)
  5 wights
  An iguana (D:7)
  2 gnolls
  An adder skeleton (D:4)
  2 orcs
  A kobold (D:4)
14 creatures vanquished.

Vanquished Creatures (others)
  4 dancing weapons
  11 plants (D:4)
15 creatures vanquished.

Grand Total: 365 creatures vanquished

Notes
Turn   | Place    | Note
-------+----------+-------------------------------------------
     0 | D:1      | jasper the Demonspawn Hedge Wizard began the quest for the
                  | Orb.
     0 | D:1      | Reached XP level 1. HP: 13/13 MP: 4/4
    41 | D:1      | Found a faded altar of an unknown god.
    66 | D:1      | Became a worshipper of Kikubaaqudgha
    66 | D:1      | Reached * piety under Kikubaaqudgha
    66 | D:1      | Identified Kikubaaqudgha's Collected Works on Dark Magic
                  | (Kikubaaqudgha gifted it to you on level 1 of the Dungeon)
    66 | D:1      | Received a gift from Kikubaaqudgha
   161 | D:1      | Learned a level 1 spell: Pain
   163 | D:1      | Learned a level 1 spell: Animate Skeleton
   434 | D:1      | Reached skill level 1 in Necromancy
   536 | D:1      | Gained mutation: You have a pair of small antennae on your
                  | head. [demonic ancestry]
   536 | D:1      | Reached XP level 2. HP: 19/19 MP: 0/6
   539 | D:1      | Learned a level 2 spell: Sublimation of Blood
   956 | D:1      | Reached skill level 2 in Necromancy
  1244 | D:1      | Gained mutation: Spells you cast may paralyse adjacent
                  | enemies. [demonic ancestry]
  1244 | D:1      | Reached XP level 3. HP: 24/24 MP: 3/7
  1248 | D:1      | Learned a level 3 spell: Vampiric Draining
  1296 | D:1      | Reached ** piety under Kikubaaqudgha
  1497 | D:1      | Reached skill level 3 in Necromancy
  2155 | D:2      | Reached skill level 4 in Necromancy
  2155 | D:2      | Gained mutation: You are surrounded by a mild repulsion
                  | field. (EV +2) [demonic ancestry]
  2155 | D:2      | Reached XP level 4. HP: 28/30 MP: 3/8
  2452 | D:2      | Reached *** piety under Kikubaaqudgha
  2452 | D:2      | Identified Kikubaaqudgha's Incunabulum of Black Arts
                  | (Kikubaaqudgha gifted it to you on level 2 of the Dungeon)
  2452 | D:2      | Received a gift from Kikubaaqudgha
  3272 | D:3      | Gained mutation: Spells you cast may paralyse nearby
                  | enemies. [demonic ancestry]
  3272 | D:3      | Reached XP level 5. HP: 28/35 MP: 6/10
  3275 | D:3      | Learned a level 2 spell: Blink
  3486 | D:3      | Noticed Terence
  3538 | D:4      | Noticed Blork the orc
  3549 | D:3      | Killed Blork the orc
  3550 | D:3      | Reached skill level 5 in Necromancy
  3805 | D:3      | Noticed an ogre
  3928 | D:4      | Learned a level 2 spell: Slow
  3954 | D:4      | Found Yhahunt's Antique Armour Shop.
  3958 | D:4      | Gained mutation: You regenerate a little health from kills.
                  | [demonic ancestry]
  3958 | D:4      | Reached XP level 6. HP: 39/41 MP: 11/11
  4061 | D:4      | Reached skill level 6 in Necromancy
  4140 | D:4      | Found a staircase to the Ecumenical Temple.
  4163 | D:4      | Noticed Dowan
  4165 | D:4      | Noticed Duvessa
  4189 | D:3      | Killed Terence
  4714 | D:3      | Reached skill level 1 in Translocations
  4853 | D:3      | Found a sacrificial altar of Ru.
  5115 | D:4      | Found a blossoming altar of Fedhas.
  5175 | D:4      | Killed Duvessa
  5176 | D:4      | Reached XP level 7. HP: 18/46 MP: 14/14
  5178 | D:4      | Killed Dowan
  5542 | D:4      | Reached **** piety under Kikubaaqudgha
  5548 | D:4      | Learned a level 3 spell: Tukima's Dance
  5589 | D:4      | Noticed Sigmund
  5602 | D:5      | Entered Level 5 of the Dungeon
  5615 | D:5      | Reached skill level 5 in Spellcasting
  5624 | D:5      | Reached skill level 1 in Hexes
  5942 | D:5      | Noticed Pikel
  5963 | D:5      | Killed Pikel
  5964 | D:5      | Reached XP level 8. HP: 40/52 MP: 16/16
  6188 | D:5      | Noticed Prince Ribbit
  6210 | D:5      | Killed Prince Ribbit
  6211 | D:5      | Reached skill level 5 in Hexes
  6227 | D:5      | Learned a level 4 spell: Dispel Undead
  6533 | D:5      | Reached skill level 1 in Fighting
  6533 | D:5      | Reached skill level 7 in Necromancy
  7074 | D:5      | Reached XP level 9. HP: 38/60 MP: 18/18
  7743 | D:6      | Noticed Edmund
  7934 | D:6      | Reached skill level 1 in Short Blades
  7980 | D:6      | Noticed a troll
  7991 | D:6      | Killed a troll
  7992 | D:6      | Reached skill level 8 in Necromancy
  8002 | D:6      | Killed Edmund
  8496 | D:6      | Noticed Grinder
  8504 | D:6      | Killed Grinder
  8515 | D:6      | Noticed Menkaure
  8520 | D:6      | Killed Menkaure
  8526 | D:6      | Learned a level 4 spell: Animate Dead
  8649 | D:6      | Noticed a two-headed ogre
  8656 | D:6      | Killed a two-headed ogre
  8657 | D:6      | Reached skill level 9 in Necromancy
  8748 | D:6      | Found a burning altar of Makhleb.
  8748 | D:6      | Found a bloodstained altar of Trog.
  8755 | D:6      | Found a faded altar of an unknown god.
  8757 | D:6      | Found a stormy altar of Qazlal.
  8789 | D:6      | Reached XP level 10. HP: 69/71 MP: 20/20
  9484 | D:7      | Reached ***** piety under Kikubaaqudgha
 10208 | D:8      | Noticed a cyclops
 10224 | D:8      | Killed a cyclops
 10291 | D:8      | Reached skill level 10 in Necromancy
 11154 | D:8      | Reached skill level 5 in Stealth
 11338 | D:9      | Noticed a two-headed ogre
 11352 | D:8      | Killed a two-headed ogre
 11353 | D:8      | Reached skill level 5 in Fighting
 11776 | D:9      | Reached XP level 11. HP: 78/80 MP: 22/22
 11911 | D:4      | Bought a runed buckler for 225 gold pieces
 11911 | D:4      | Bought a heavy robe for 171 gold pieces
 11911 | D:4      | Identified the +1 robe of Rebyxec {*Corrode rPois Will+
                  | Dex+3} (You bought it in a shop on level 4 of the Dungeon)
 12315 | Temple   | Entered the Ecumenical Temple
 12655 | D:9      | Reached skill level 1 in Shields
 12844 | D:9      | Found a staircase to the Lair.
 12976 | D:10     | Entered Level 10 of the Dungeon
 13012 | D:10     | Noticed a deep elf pyromancer
 13017 | D:10     | Killed a deep elf pyromancer
 13572 | D:10     | Found a hide-covered altar of Uskayaw.
 13572 | D:10     | Found a basalt altar of Yredelemnul.
 14062 | D:11     | Noticed a two-headed ogre
 14071 | D:11     | Killed a two-headed ogre
 14455 | D:11     | Noticed a two-headed ogre
 14463 | D:11     | Killed a two-headed ogre
 14838 | D:11     | Noticed a skeletal warrior
 14839 | D:11     | Noticed a death knight
 14854 | D:11     | Killed a skeletal warrior
 14930 | D:11     | Killed a death knight
 14931 | D:11     | Reached skill level 11 in Necromancy
 15029 | D:11     | Found Molob's Armour Shoppe.
 15483 | D:12     | Noticed a two-headed ogre
 15491 | D:12     | Killed a two-headed ogre
 15657 | D:12     | Noticed a two-headed ogre
 15659 | D:12     | Noticed a skeletal warrior
 15659 | D:12     | Noticed a skeletal warrior
 15659 | D:12     | Noticed a skeletal warrior
 15659 | D:12     | Noticed a skeletal warrior
 15667 | D:12     | Killed a two-headed ogre
 15668 | D:12     | Reached XP level 12. HP: 78/92 MP: 20/24
 15680 | D:12     | HP: 1/92 [skeletal warrior/+0 long sword[a skeletal
                  | warrior] (11)]
 16346 | D:12     | Reached skill level 12 in Necromancy
 16352 | D:12     | Learned a level 5 spell: Borgnjor's Vile Clutch
 16603 | D:12     | Found a staircase to the Orcish Mines.
 17211 | D:13     | Noticed a boulder beetle
 17228 | D:13     | Killed a boulder beetle
 17577 | D:13     | Noticed a catoblepas
 17579 | D:13     | Found a broken altar of Ashenzari.
 17590 | D:13     | Killed a catoblepas
 17688 | D:13     | Noticed a centaur warrior
 17696 | D:13     | Killed a centaur warrior
 18063 | D:13     | Noticed a tengu warrior
 18075 | D:13     | Killed a tengu warrior
 18076 | D:13     | Reached skill level 5 in Dodging
 18076 | D:13     | Reached skill level 1 in Earth Magic
 18177 | D:13     | Found a gate to the Vaults.
 18383 | D:14     | Noticed a boulder beetle
 18392 | D:14     | Killed a boulder beetle
 18448 | D:14     | Reached skill level 13 in Necromancy
 19199 | D:14     | Noticed a tengu warrior
 19211 | D:14     | Killed a tengu warrior
 19212 | D:14     | Gained mutation: You are surrounded by a moderate repulsion
                  | field. (EV +3) [demonic ancestry]
 19212 | D:14     | Reached XP level 13. HP: 101/101 MP: 22/26
 19396 | D:14     | HP: 2/101 [red ugly thing (9)]
 19396 | D:14     | Mangled by a red ugly thing

Illustrated notes

Levels and vault maps discovered:
D:1:      dpeg_arrival_round_b, layout_loops_ring, basic_ecumenical_altar
D:2:      minmay_thinvault, layout_loops_cross, grunt_ministairs_15,
          amethyst_killhole, kennysheep_cross_bottleneck, minmay_snake_closets
D:3:      layout_loops_ring, lemuel_coloured_pillars_altar, hex_tiny,
          uniq_terence
D:4:      layout_cave_pools, fedhas_altar_decomposition,
          minmay_temple_entry_grid, serial_shops, shop, kennysheep_boxes,
          uniq_sigmund, uniq_duvessa, uniq_blork_the_orc
D:5:      layout_loops_ring, uniq_prince_ribbit1, uniq_pikel
D:6:      layout_gridville, chequers_temple_overflow_minitemple,
          grunt_ministairs_8, uniq_menkaure, uniq_grinder, uniq_edmund
D:7:      layout_gridville, hangedman_decor_points, kennysheep_small_circle
D:8:      layout_basic
D:9:      layout_rooms, dpeg_oklobed_lair, special_room [special_room_orc],
          minmay_misc_feat_tower
D:10:     layout_gridville, gammafunk_temple_overflow_pools, minivault_4
D:11:     layout_loops_corners, serial_shops, shop
D:12:     layout_rooms, orc_0_dummy
D:13:     layout_small_grid, erik_vaults_1, ashenzari_conservatory_becter
D:14:     layout_long_grid, kb_tengu_band
Temple:   nicolae_temple_great_sept

Skill      XL: |  1  2  3  4  5  6  7  8  9 10 11 12 |
---------------+-------------------------------------+-----
Necromancy     | 1 2 4 5 6 7 9 10 11 13 | 13.3
Spellcasting   | 4 5 6 7 8 9 |  9.2
Translocations | 2 3 |  3.0
Hexes          | 4 5 |  5.3
Dodging        | 2 3 5 |  5.6
Fighting       | 1 3 5 7 9 |  9.2
Stealth        | 2 4 5 7 |  7.0
Short Blades   | 2 4 |  4.2
Shields        | 4 |  4.1
Earth Magic    | 2 |  2.0
Conjurations   | |  1.4
Summonings     | |  1.0

Action                   |  1- 3 |  4- 6 |  7- 9 | 10-12 | 13-15 || total
-------------------------+-------+-------+-------+-------+-------++-------
Melee: Dagger            |    36 |    59 |   174 |   205 |     8 ||   482
Throw: Boomerang         |       |     5 |       |       |       ||     5
       Throwing net      |       |     1 |       |       |       ||     1
 Cast: Magic Dart        |    77 |    59 |       |       |       ||   136
       Pain              |     2 |    75 |    83 |   196 |       ||   356
       Vampiric Draining |       |     4 |     8 |   103 |    16 ||   131
       Animate Skeleton  |       |     1 |     3 |       |       ||     4
       Slow              |       |       |    27 |     4 |       ||    31
       Blink             |       |       |     5 |     1 |       ||     6
       Tukima's Dance    |       |       |    10 |    42 |       ||    52
       Dispel Undead     |       |       |       |    19 |       ||    19
       Animate Dead      |       |       |       |     9 |       ||     9
       Borgnjor's Vile C |       |       |       |     5 |       ||     5
       Sublimation of Bl |       |       |       |     2 |       ||     2
Evoke: Wand              |       |     1 |     3 |       |       ||     4
  Use: Scroll            |       |    11 |     5 |     9 |       ||    25
       Potion            |       |     1 |       |     1 |     2 ||     4
 Stab: Paralysed         |     1 |    21 |    80 |    96 |     6 ||   204
       Sleeping          |       |       |     1 |     6 |     1 ||     8
       Distracted        |       |       |       |     2 |       ||     2
Armor: Robe              |     8 |    14 |    39 |    65 |     2 ||   128
Dodge: Dodged            |    26 |    37 |    95 |   200 |    15 ||   373
Block: Buckler           |       |       |       |    43 |     2 ||    45

Table legend: (Time is in decaauts)
 A = Elapsed time spent in this place.
 B = Non-inter-level travel time spent in this place.
 C = Inter-level travel time spent in this place.
 D = Time resting spent in this place.
 E = Time spent auto-exploring this place.
 F = Levels seen in this place.
 G = Mean time per level.
                   A        B        C        D        E       F      G
               +--------+--------+--------+--------+--------+-----+--------+
         Total |  19375 |  18592 |    783 |   2570 |  13357 |  15 | 1291.7 |
       Dungeon |  19373 |  18590 |    783 |   2570 |  13357 |  14 | 1383.8 |
        Temple |      1 |      1 |      0 |      0 |      0 |   1 |    1.0 |
               +--------+--------+--------+--------+--------+-----+--------+

Top non-repeatable levels by time:
    D:11: 1946 daAuts
     D:6: 1823 daAuts
     D:1: 1766 daAuts
     D:5: 1638 daAuts
    D:13: 1627 daAuts
     D:2: 1595 daAuts
     D:8: 1502 daAuts
     D:3: 1430 daAuts
     D:4: 1263 daAuts
    D:10: 1067 daAuts
    D:14: 1009 daAuts
     D:9: 999 daAuts
     D:7: 956 daAuts
    D:12: 747 daAuts
  Temple: 1 daAuts
